[Event "ICC tourney 2046 (75 10)"]
[Site "Internet Chess Club"]
[Date "2020.10.10"]
[Round "3"]
[White "Twinkletoesss"]
[Black "dkt2011"]
[Result "1-0"]
[ICCResult "Black checkmated"]
[WhiteElo "1458"]
[BlackElo "1237"]
[Opening "QGD: Marshall defense"]
[ECO "D06"]
[NIC "QP.08"]
[Time "14:49:55"]
[TimeControl "4500+10"]

1. d4 d5 2. c4 Nf6 3. cxd5 Nxd5 4. e4 Nf6 5. Nc3 Nc6 6. d5 Ne5 7. f4 Ned7 8.
e5 Nxe5 9. fxe5 Bg4 10. Bb5+ c6 11. Be2 Bxe2 12. Ngxe2 Nxd5 13. Qb3 e6 14.
O-O Qc7 15. Nxd5 cxd5 16. Bf4 Bc5+ 17. Kh1 O-O 18. Rac1 Rac8 19. Qc2 Qb6 20.
a3 Rc6 21. Qd3 d4 22. b4 Be7 23. Qxd4 Qxd4 24. Nxd4 Ra6 25. Rc7 Re8 26. Rfc1
Rxa3 27. Rxe7 Kf8 28. Rxe8+ Kxe8 29. h4 Ra4 30. Nb5 Rxb4 31. Nd6+ Kd7 32.
Bg3 Rg4 33. Kh2 f6 34. Rb1 b6 35. Ra1 a5 36. Rb1 Rb4 37. Rxb4 axb4 38. exf6
gxf6 39. Nc4 b5 40. Nd2 f5 41. Nb3 h5 42. Be1 f4 43. Bxb4 e5 44. Nd2 Ke6 45.
g3 Kf5 46. gxf4 exf4 47. Kh3 Ke5 48. Kg2 Kf5 49. Kf3 Ke5 50. Nb3 Kf5 51. Bc3
b4 52. Bxb4 Ke5 53. Ba5 Kf5 54. Bc3 Kg6 55. Kxf4 Kh6 56. Kf5 Kh7 57. Kg5 Kg8
58. Kxh5 Kh7 59. Kg5 Kg8 60. h5 Kh7 61. h6 Kg8 62. Kg6 Kf8 63. h7 Ke7 64.
h8=Q Ke6 65. Qe5+ Kd7 66. Nc5+ Kc6 67. Ne4 Kd7 68. Qd6+ Ke8 69. Nf6#
{Black checkmated}
1-0

[Event "ICC tourney 2046 (75 10)"]
[Site "Internet Chess Club"]
[Date "2020.10.10"]
[Round "3"]
[White "MathMonkey"]
[Black "strangerthingz"]
[Result "0-1"]
[ICCResult "White checkmated"]
[WhiteElo "975"]
[BlackElo "1410"]
[Opening "Ruy Lopez: Möller defense"]
[ECO "C70"]
[NIC "RL.09"]
[Time "14:49:49"]
[TimeControl "4500+10"]

1. e4 e5 2. Nf3 Nc6 3. Bb5 a6 4. Ba4 Bc5 5. O-O Nf6 6. c3 O-O 7. d4 exd4 8.
cxd4 Ba7 9. d5 Ne7 10. Nc3 h6 11. e5 Nh7 12. Bc2 d6 13. Qd3 Bf5 14. Qd2 Bxc2
15. Qxc2 dxe5 16. Rd1 Ng6 17. Ne4 Nf6 18. Nxf6+ Qxf6 19. Qxc7 e4 20. Qg3
exf3 21. gxf3 Rad8 22. Rb1 Qf5 23. Bd2 Rxd5 24. Bc3 Rxd1+ 25. Rxd1 Bb8 26.
Qg2 Be5 27. Kh1 Bxc3 28. bxc3 Re8 29. Rg1 Re2 30. h4 Rxa2 31. Qg3 Qf4 32.
Re1 Qxh4+ 33. Qxh4 Nxh4 34. Re8+ Kh7 35. Re7 Rxf2 36. Rxf7 Nxf3 37. Rxf3
Rxf3 38. c4 Rc3 39. Kg2 Rxc4 40. Kf3 a5 41. Ke3 Rc6 42. Kd4 a4 43. Kd3 a3
44. Kd2 a2 45. Kd3 a1=Q 46. Ke4 Qd1 47. Ke3 Re6+ 48. Kf4 Qf1+ 49. Kg3 Rg6+
50. Kh2 Qg2# {White checkmated} 0-1

[Event "ICC tourney 2046 (75 10)"]
[Site "Internet Chess Club"]
[Date "2020.10.10"]
[Round "3"]
[White "lerui"]
[Black "georgianknight"]
[Result "1/2-1/2"]
[ICCResult "Game drawn by repetition"]
[WhiteElo "1078"]
[BlackElo "1411"]
[Opening "Sicilian"]
[ECO "B50"]
[NIC "SI.01"]
[Time "14:49:51"]
[TimeControl "4500+10"]

1. e4 c5 2. Nf3 d6 3. Be2 Nf6 4. Nc3 e6 5. O-O Nc6 6. d3 d5 7. exd5 exd5 8.
Bg5 Be7 9. d4 c4 10. h3 Be6 11. Be3 Qd7 12. Kh2 Bd6+ 13. Kg1 Bxh3 14. gxh3
Qxh3 15. Qc1 Ng4 16. Bf4 Be7 17. Bg3 Rd8 18. Re1 O-O 19. Bf1 Qh5 20. Bg2 Bd6
21. Bxd6 Rxd6 22. Qf4 Rf6 23. Qg3 Rg6 24. Qf4 Rf6 25. Qg3 Rg6 26. Qf4 Rf6
27. Qg3 Rg6 {Game drawn by repetition} 1/2-1/2

[Event "ICC tourney 2046 (75 10)"]
[Site "Internet Chess Club"]
[Date "2020.10.10"]
[Round "3"]
[White "adinanda"]
[Black "otcm"]
[Result "1-0"]
[ICCResult "Black resigns"]
[WhiteElo "1322"]
[BlackElo "1510"]
[Opening "Sicilian: dragon, 6.Be3"]
[ECO "B72"]
[NIC "SI.16"]
[Time "14:49:48"]
[TimeControl "4500+10"]

1. e4 c5 2. Nf3 d6 3. d4 cxd4 4. Nxd4 Nf6 5. Nc3 g6 6. Be3 Bg7 7. Bc4 O-O 8.
Qd2 Ng4 9. Bg5 Nc6 10. Nxc6 bxc6 11. f3 Ne5 12. Bb3 Rb8 13. f4 Nd7 14. f5
Ne5 15. h4 gxf5 16. exf5 Bxf5 17. h5 d5 18. Bh6 e6 19. Bxg7 Kxg7 20. h6+ Kh8
21. Qf4 Qf6 22. O-O-O Rg8 23. Rdg1 Qg5 24. Qxg5 Rxg5 25. g4 Rbg8 26. Ne2
Bxg4 27. Nd4 Bf3 28. Rxg5 Rxg5 29. Rf1 Bh5 30. c4 dxc4 31. Bc2 Nd3+ 32. Kd2
Rg2+ 33. Kc3 e5 34. Nxc6 e4 35. b3 e3 36. Bxd3 cxd3 37. Kxd3 e2 38. Re1 Rf2
39. Nd4 Rf1 40. Kd2 Rxe1 41. Kxe1 Kg8 42. Nxe2 Bxe2 43. Kxe2 Kf8 44. a4 Ke7
45. b4 Kd6 46. Ke3 f6 47. Ke4 Ke6 48. b5 Kd6 49. Kf5 Kc5 50. Kxf6 Kb4 51.
Kg7 Kxa4 52. Kxh7 Kxb5 53. Kg7 a5 54. h7 a4 55. h8=Q a3 56. Qh2 Kb4 57. Qa2
{Black resigns}
1-0

[Event "ICC tourney 2046 (75 10)"]
[Site "Internet Chess Club"]
[Date "2020.10.10"]
[Round "3"]
[White "chess278"]
[Black "Sirichess"]
[Result "1-0"]
[ICCResult "Black resigns"]
[WhiteElo "1412"]
[BlackElo "1386"]
[Opening "Réti opening"]
[ECO "A05"]
[NIC "QP.11"]
[Time "14:49:55"]
[TimeControl "4500+10"]

1. Nf3 Nf6 2. b3 d5 3. Bb2 e6 4. e3 Nc6 5. Bb5 Bd7 6. O-O Be7 7. Bxc6 Bxc6
8. d4 O-O 9. Nbd2 h6 10. Qe2 Nh7 11. Rac1 Rb8 12. Ne5 Bb5 13. Qxb5 Bd6 14.
Ndf3 c6 15. Qe2 Ng5 16. Nxg5 Qxg5 17. Nd7 Qh4 18. g3 Qd8 19. Nxf8 Kxf8 20.
c4 f5 21. cxd5 exd5 22. Rc2 Qg5 23. Rfc1 h5 24. f4 Qg6 25. Qg2 Re8 26. Re1
Re4 27. a3 Qf6 28. h4 Qe7 29. b4 Rxe3 30. Rxe3 Qxe3+ 31. Qf2 Qd3 32. Re2
Qb1+ 33. Qe1 Qxe1+ 34. Rxe1 Kf7 35. Kf2 g6 36. Re3 a6 37. Ke2 Bc7 38. a4 Kf6
39. Re8 {Black resigns} 1-0

[Event "ICC tourney 2046 (75 10)"]
[Site "Internet Chess Club"]
[Date "2020.10.10"]
[Round "3"]
[White "amdink"]
[Black "dangdang2000"]
[Result "1/2-1/2"]
[ICCResult "Game drawn by mutual agreement"]
[WhiteElo "1330"]
[BlackElo "1200"]
[Opening "Giuoco Piano"]
[ECO "C54"]
[NIC "IG.02"]
[Time "14:49:56"]
[TimeControl "4500+10"]

1. e4 e5 2. Nf3 Nc6 3. Bc4 Bc5 4. c3 Nf6 5. d4 exd4 6. e5 d5 7. Bb3 Ne4 8.
O-O dxc3 9. Nxc3 Nxc3 10. bxc3 Be6 11. Nd4 Nxe5 12. Nxe6 fxe6 13. Qh5+ Nf7
14. Re1 Qf6 15. Be3 g6 16. Qe2 Bxe3 17. Qxe3 Ng5 18. Ba4+ c6 19. Rab1 b5 20.
Bc2 Kd7 21. a4 a6 22. axb5 axb5 23. Ra1 Kd6 24. Qg3+ Kd7 25. Rab1 Ra3 26.
Ra1 Rha8 27. Rxa3 Rxa3 28. h4 Rxc3 29. hxg5 Qd4 30. Qb8 Rxc2 31. Qb7+ Kd6
32. Qb8+ Kc5 33. Qf8+ Kc4 34. Rb1 Qc3 35. Qf4+ d4 36. Kh2 b4 37. Qe5 Kd3 38.
Qxe6 Rb2 39. Rd1+ Rd2 40. Rb1 c5 41. Rb3 c4 42. Rxc3+ bxc3 43. Qh3+ Kc2 44.
Qxh7 Kb1 45. Qxg6+ d3 46. Qd6 Rxf2 47. g6 Ra2 48. g7 Ra8 49. Qb4+ Kc2 50.
Qxc4 Kd2 51. g8=Q Rxg8 52. Qxg8 c2 53. Qg5+ Kd1 54. Qg4+ Kd2 55. Qf4+ Kd1
56. Qf1+ Kd2 57. Qf4+ Kd1 58. Qf5 Kd2 59. Qf2+ Kd1 60. Qf1+ Kd2 61. Qf2+
{Game drawn by mutual agreement}
1/2-1/2

[Event "ICC tourney 2046 (75 10)"]
[Site "Internet Chess Club"]
[Date "2020.10.10"]
[Round "3"]
[White "Dayman"]
[Black "ethanpu"]
[Result "0-1"]
[ICCResult "White checkmated"]
[WhiteElo "1542"]
[BlackElo "1391"]
[Opening "Ruy Lopez: Möller defense"]
[ECO "C78"]
[NIC "RL.12"]
[Time "14:49:49"]
[TimeControl "4500+10"]

1. e4 e5 2. Nf3 Nc6 3. Bb5 a6 4. Ba4 Nf6 5. O-O Bc5 6. Nc3 O-O 7. d3 h6 8.
Bxc6 dxc6 9. Nxe5 Re8 10. Nf3 Bg4 11. h3 Bh5 12. Be3 Bb6 13. Qe2 Bxe3 14.
Qxe3 Nd5 15. Nxd5 cxd5 16. e5 Bxf3 17. gxf3 d4 18. Qf4 Qd7 19. Kh2 Qb5 20.
Qxd4 Rad8 21. Qf4 Qxb2 22. Rg1 Qxe5 23. Qxe5 Rxe5 24. Rge1 Rc5 25. Re2 b5
26. a4 b4 27. Rb1 a5 28. Rb2 f6 29. f4 Rc3 30. Re6 Rd5 31. Kg3 Rdc5 32. Ra6
Ra3 33. Ra7 Rxa4 34. d4 Rc4 35. Kg4 Kf7 36. Kf5 g6+ 37. Ke4 f5+ 38. Kd5 Rc3
39. Ke5 Ra1 40. Kd5 Re1 41. Rxa5 Re6 42. Rxb4 c6# {White checkmated} 0-1

[Event "ICC tourney 2046 (75 10)"]
[Site "Internet Chess Club"]
[Date "2020.10.10"]
[Round "3"]
[White "magicpup"]
[Black "SukrutN"]
[Result "0-1"]
[ICCResult "White checkmated"]
[WhiteElo "1345"]
[BlackElo "1152"]
[Opening "Scotch: Schmidt variation"]
[ECO "C45"]
[NIC "SO.04"]
[Time "14:49:48"]
[TimeControl "4500+10"]

1. e4 e5 2. Nf3 Nc6 3. d4 exd4 4. Nxd4 Nf6 5. Nc3 Bb4 6. Nxc6 bxc6 7. Bd3
O-O 8. O-O d5 9. Bg5 Re8 10. exd5 Bxc3 11. bxc3 cxd5 12. Re1 Bg4 13. Qd2 Qd6
14. Bf4 Qb6 15. Rab1 Rxe1+ 16. Rxe1 Be6 17. Be5 Ng4 18. Bd4 c5 19. Be3 Nxe3
20. Qxe3 c4 21. Bf1 Qb2 22. Qc5 Qxc3 23. Qc6 Rf8 24. Re2 Qb2 25. Qa4 Ra8 26.
Qc6 Rf8 27. Qa4 Qb6 28. Qa3 Rb8 29. Qa4 g6 30. c3 h5 31. Qa3 a5 32. Qa4 Kg7
33. Qa3 Rb7 34. Rd2 Qb1 35. Qxa5 Qe1 36. Re2 Qc1 37. f3 Rb1 38. Rf2 Qe3 39.
Qa3 Kf6 40. g3 Bh3 41. Qd6+ Kg7 42. Qf4 Rxf1# {White checkmated} 0-1

[Event "ICC tourney 2046 (75 10)"]
[Site "Internet Chess Club"]
[Date "2020.10.10"]
[Round "3"]
[White "ivo20"]
[Black "Supersamraat"]
[Result "1-0"]
[ICCResult "Black checkmated"]
[WhiteElo "1365"]
[BlackElo "1510"]
[Opening "Pirc: classical, h3 system"]
[ECO "A45"]
[NIC "QP.07"]
[Time "14:50:02"]
[TimeControl "4500+10"]

1. d4 Nf6 2. h3 g6 3. Nc3 Bg7 4. Nf3 d6 5. e4 O-O 6. Bg5 Nbd7 7. Bxf6 Bxf6
8. Be2 c5 9. Nd5 Bg7 10. c3 b6 11. O-O Bb7 12. Bb5 e6 13. Bxd7 exd5 14. Ba4
dxe4 15. Nh2 Qg5 16. dxc5 dxc5 17. Ng4 f5 18. Ne3 f4 19. Qg4 Qxg4 20. Nxg4
a6 21. Rad1 b5 22. Bc2 Rad8 23. Rde1 Rfe8 24. Rd1 Kf7 25. a4 h5 26. Nh2 Bf6
27. Rfe1 Rxd1 28. Rxd1 Rd8 29. Re1 Re8 30. axb5 axb5 31. Ra1 Ra8 32. Rd1 Bc6
33. Nf1 Ra2 34. Bb3+ c4 35. Bxa2 Ke6 36. Bb1 Ke5 37. Re1 Bg5 38. f3 e3 39.
Bxg6 Be7 40. Bxh5 Bc5 41. Kh1 b4 42. Nd2 bxc3 43. bxc3 Kd5 44. Bf7+ Kd6 45.
Nxc4+ Ke7 46. Bg6 Bb5 47. Bd3 Ke6 48. Nb2 Bc6 49. Be2 Kd5 50. Rd1+ Ke6 51.
Nd3 Bd6 52. Ra1 Bb7 53. Kg1 Kd5 54. Kf1 Kc4 55. Nxf4+ Kxc3 56. Nd3 Kd2 57.
Ne1 Bg3 58. Rd1+ Kc3 59. Nd3 Kc2 60. Nc5 Bc6 61. Ne4 Be5 62. g4 Bf4 63. g5
Be8 64. h4 Bg6 65. Rd8 Bh5 66. Nf6 Bg6 67. h5 Bf5 68. Ng4 Bxg5 69. Rd5 Bxg4
70. Rxg5 Bd7 71. Ke1 Kc3 72. h6 Bf5 73. Rxf5 Kb2 74. h7 Kc1 75. h8=Q Kc2 76.
Qc8+ Kb3 77. Rb5+ Ka4 78. Qa6# {Black checkmated} 1-0

[Event "ICC tourney 2046 (75 10)"]
[Site "Internet Chess Club"]
[Date "2020.10.10"]
[Round "3"]
[White "wicked"]
[Black "ChessMindTT"]
[Result "1-0"]
[ICCResult "Black resigns"]
[WhiteElo "1526"]
[BlackElo "1348"]
[Opening "Ruy Lopez: exchange variation"]
[ECO "C68"]
[NIC "RL.08"]
[Time "14:49:58"]
[TimeControl "4500+10"]

1. e4 e5 2. Nf3 Nc6 3. Bb5 a6 4. Bxc6 dxc6 5. h3 Nf6 6. d3 Bd6 7. Bg5 h6 8.
Bh4 Be6 9. a3 Qe7 10. Nc3 g5 11. Bg3 Nd7 12. d4 exd4 13. Qxd4 Rg8 14. Bxd6
cxd6 15. O-O-O O-O-O 16. Qxd6 Qxd6 17. Rxd6 Nf6 18. Rhd1 Rxd6 19. Rxd6 Rd8
20. Rxd8+ Kxd8 21. Nd4 Ke7 22. Nxe6 Kxe6 23. Kd2 Ke5 24. Ke3 Nh5 25. Na4 Nf4
26. Kf3 Ne6 27. c3 b5 28. Nb6 Nc5 29. Ke3 Kd6 30. b4 Ne6 31. c4 Kc7 32. c5
a5 33. e5 axb4 34. axb4 Nf4 35. g3 Nxh3 36. f4 g4 37. f5 Kd8 38. f6 Ng5 39.
Kf4 Nf3 40. Ke4 h5 41. Kf4 Nxe5 42. Kxe5 h4 43. gxh4 g3 44. Kd6 g2 45. Kxc6
g1=Q 46. Kxb5 Qf1+ 47. Kc6 Qxf6+ 48. Kb7 Qxh4 49. b5 f5 50. c6 Qh2 51. Nd5
Qh7+ 52. c7+ Kd7 53. Nf6+ {Black resigns} 1-0

[Event "ICC tourney 2046 (75 10)"]
[Site "Internet Chess Club"]
[Date "2020.10.10"]
[Round "3"]
[White "Attack1010"]
[Black "kbendre"]
[Result "1-0"]
[ICCResult "Black checkmated"]
[WhiteElo "1482"]
[BlackElo "1269"]
[Opening "QGD Slav: 4.e3"]
[ECO "D11"]
[NIC "QP.07"]
[Time "14:49:48"]
[TimeControl "4500+10"]

1. d4 Nf6 2. e3 c6 3. c4 d5 4. Nf3 g6 5. Nc3 Bg7 6. Be2 O-O 7. O-O Bg4 8.
Re1 Re8 9. h3 Bxf3 10. Bxf3 dxc4 11. Qe2 Nbd7 12. Qxc4 e5 13. Qd3 e4 14.
Nxe4 Nxe4 15. Bxe4 f5 16. Bf3 Kh8 17. Qd1 Nf6 18. Bd2 Ne4 19. Bxe4 Rxe4 20.
Bc3 Rh4 21. Qf3 Qg5 22. Rad1 Rf8 23. Bd2 Qf6 24. Bb4 Rf7 25. Qg3 g5 26. Qb8+
Bf8 27. Bxf8 Rxf8 28. Qe5 g4 29. Qxf6+ Rxf6 30. hxg4 Rfh6 31. Kf1 fxg4 32.
g3 Rh2 33. Ke2 Rf6 34. Rf1 Rf3 35. d5 cxd5 36. Rxd5 Rxg3 37. Rd7 Rgh3 38.
Kd3 Rh1 39. Rxh1 Rxh1 40. Rxb7 h5 41. Rb5 h4 42. Rg5 g3 43. Rh5+ Kg7 44.
fxg3 h3 45. b3 h2 46. Ke4 Kg6 47. Rh4 Kg5 48. b4 Kf6 49. a4 Ke6 50. b5 Kd6
51. a5 Kc7 52. Rh6 Kb7 53. g4 Rg1 54. Rxh2 Rxg4+ 55. Kd3 Rb4 56. Rh5 Ra4 57.
a6+ Kb6 58. e4 Kc7 59. Rd5 Ra3+ 60. Ke2 Ra2+ 61. Kf3 Ra1 62. Kg4 Rg1+ 63.
Kf5 Rh1 64. Kf6 Rh6+ 65. Kg5 Rh8 66. Rf5 Rg8+ 67. Kf6 Re8 68. e5 Kd7 69. Kf7
Re7+ 70. Kf6 Re6+ 71. Kg7 Re7+ 72. Rf7 Ke6 73. Rxe7+ Kxe7 74. b6 axb6 75. a7
b5 76. a8=Q b4 77. Qb7+ Ke6 78. Qxb4 Kxe5 79. Qc4 Kf5 80. Qd4 Ke6 81. Kg6
Ke7 82. Qf6+ Kd7 83. Kf5 Kc7 84. Ke5 Kc8 85. Qe7 Kb8 86. Kd6 Ka8 87. Kc6 Kb8
88. Qb7# {Black checkmated} 1-0

[Event "ICC tourney 2046 (75 10)"]
[Site "Internet Chess Club"]
[Date "2020.10.10"]
[Round "3"]
[White "jayrag"]
[Black "sburreus09"]
[Result "1/2-1/2"]
[ICCResult "Game drawn by mutual agreement"]
[WhiteElo "1409"]
[BlackElo "1516"]
[Opening "Queen's Pawn"]
[ECO "A41"]
[NIC "QO.17"]
[Time "14:50:10"]
[TimeControl "4500+10"]

1. d4 d6 2. Nf3 Bf5 3. g3 Nd7 4. Bg2 c6 5. O-O Ngf6 6. b3 Qc7 7. Bb2 e5 8.
Nbd2 Be7 9. dxe5 dxe5 10. Nc4 e4 11. Nd4 Bg6 12. a4 O-O 13. e3 Rad8 14. Qb1
a6 15. Qa2 Nd5 16. Rac1 a5 17. Qa1 N7f6 18. Ne2 b5 19. axb5 cxb5 20. Ne5 Nb4
21. Nf4 Rd2 22. Bc3 Rxc2 23. Rxc2 Nxc2 24. Qxa5 Qxa5 25. Bxa5 Ra8 26. Bc3
Rc8 27. Nexg6 hxg6 28. Bxf6 gxf6 29. Bxe4 f5 30. Nd5 Ba3 31. Bd3 Rc5 32. Nf4
Nb4 33. Be2 Nc6 34. Ra1 b4 35. Bc4 Ne5 36. Nd3 Ra5 37. Nxe5 Rxe5 38. Rd1 Re7
39. Rd8+ Kg7 40. Rb8 g5 41. Rb5 Kf6 42. Rb6+ Kg7 43. Rb5 Kf6 44. Rb6+
{Game drawn by mutual agreement}
1/2-1/2

[Event "ICC tourney 2046 (75 10)"]
[Site "Internet Chess Club"]
[Date "2020.10.10"]
[Round "3"]
[White "siddarth1"]
[Black "SunnyDays0"]
[Result "1/2-1/2"]
[ICCResult "Game drawn by mutual agreement"]
[WhiteElo "1520"]
[BlackElo "1157"]
[Opening "Scotch gambit: Dubois-Réti defense"]
[ECO "C55"]
[NIC "KP.02"]
[Time "14:49:48"]
[TimeControl "4500+10"]

1. e4 e5 2. Nf3 Nc6 3. d4 exd4 4. Bc4 Nf6 5. e5 Ng4 6. O-O Be7 7. Re1 O-O 8.
h3 Nh6 9. Bxh6 gxh6 10. Nxd4 d5 11. Bb3 Nxd4 12. Qxd4 Be6 13. Nc3 c6 14. Ne2
Kh8 15. c3 c5 16. Qd1 Rg8 17. Nf4 c4 18. Nxe6 fxe6 19. Bc2 Qb6 20. Rb1 Raf8
21. Rf1 Bh4 22. Qd4 Qxd4 23. cxd4 Rg7 24. Bd1 Rf4 25. Bg4 Rxd4 26. Bxe6 Re7
27. Bg4 Rxe5 28. Rbd1 Rxd1 29. Rxd1 b5 30. Bf3 d4 31. Rxd4 Re1+ 32. Kh2 Bxf2
33. Rd8+ Kg7 34. Rd2 Be3 35. Re2 Rxe2 36. Bxe2 a5 37. Kg3 Bd4 38. b3 c3 39.
Bd3 h5 40. Kf4 h4 41. Ke4 Bb6 42. Kd5 b4 43. Kc6 Bd8 44. Kd7 Bg5 45. Kc7 h5
46. Kc6 Kf7 47. Kb5 Bd8 48. Kc5 Ke6 49. Kd4 Kf6 50. Ke4 Kg5 51. Kf3 Kf6 52.
Ke4 {Game drawn by mutual agreement} 1/2-1/2

[Event "ICC tourney 2046 (75 10)"]
[Site "Internet Chess Club"]
[Date "2020.10.10"]
[Round "3"]
[White "VirginiaGuy"]
[Black "Vidipkona"]
[Result "0-1"]
[ICCResult "White resigns"]
[WhiteElo "1363"]
[BlackElo "1468"]
[Opening "King's Indian: Torre attack"]
[ECO "A48"]
[NIC "QP.01"]
[Time "14:49:51"]
[TimeControl "4500+10"]

1. d4 Nf6 2. Nf3 g6 3. Bg5 Bg7 4. e3 O-O 5. Nbd2 d6 6. Be2 Nbd7 7. O-O c5 8.
c3 b6 9. h3 Bb7 10. Bd3 Rc8 11. Rc1 Qc7 12. Bf4 Rfe8 13. Be2 a6 14. Qb3 b5
15. Rfe1 Qc6 16. Bf1 c4 17. Qd1 e5 18. dxe5 dxe5 19. Bg3 Qc7 20. Qc2 Nc5 21.
Rb1 Nce4 22. Bxe5 Rxe5 23. Nxe5 Qxe5 24. Nf3 Qe7 25. Rbd1 Nc5 26. Nd4 Be4
27. Qd2 Bd3 28. Qc1 Bxf1 29. Rxf1 Nd3 30. Qc2 Ne4 31. Qe2 Rc5 32. Rb1 Bh6
33. Qg4 Nd2 34. b4 Rh5 35. Qc8+ Kg7 36. Qxa6 Nxf1 37. Rxf1 Qd7 38. Qc6 Qxc6
39. Nxc6 Rf5 40. Nd4 Rd5 41. Ra1 Nb2 42. Rb1 Na4 43. Rc1 f5 44. Rc2 Kf6 45.
Kf1 Ke7 46. Ke2 Bg7 47. Kf3 Bxd4 48. exd4 g5 49. Re2+ Kf7 50. Rc2 Rd7 51.
Ke2 Nb6 52. Kd1 Nd5 53. Ke1 Ra7 54. Kd2 Ra3 55. g3 Kf6 56. f3 Kf7 57. g4 f4
{White resigns}
0-1

[Event "ICC tourney 2046 (75 10)"]
[Site "Internet Chess Club"]
[Date "2020.10.10"]
[Round "3"]
[White "miyzhang"]
[Black "charlestxie"]
[Result "1/2-1/2"]
[ICCResult "Game drawn by mutual agreement"]
[WhiteElo "1298"]
[BlackElo "1298"]
[Opening "French: Tarrasch, closed variation"]
[ECO "C05"]
[NIC "FR.17"]
[Time "14:49:54"]
[TimeControl "4500+10"]

1. e4 e6 2. d4 d5 3. Nd2 Nf6 4. e5 Nfd7 5. Bd3 c5 6. c3 Nc6 7. Ne2 Qb6 8.
Nf3 cxd4 9. cxd4 Be7 10. a3 a5 11. O-O O-O 12. Bc2 f5 13. Qd3 Qa6 14. Qd2
Re8 15. Nf4 Nf8 16. Ne2 Nd8 17. Qd1 Nf7 18. Be3 Bd7 19. Qd2 Bb5 20. Rfe1 h6
21. Nc3 g5 22. a4 Bd7 23. Bd3 Qb6 24. Qc2 Rac8 25. Qe2 g4 26. Nd2 Rc7 27.
Kh1 Bg5 28. f4 Be7 29. h3 h5 30. hxg4 hxg4 31. g3 Kg7 32. Nb5 Bxb5 33. Bxb5
Rec8 34. Qd3 Bb4 35. Red1 Rc2 36. Rab1 R2c7 37. Nb3 Nd7 38. Bd2 Bxd2 39.
Qxd2 Ra8 40. Qd3 Qa7 41. Rdc1 b6 42. Rxc7 Qxc7 43. Rc1 Qd8 44. Rc3 Rc8 45.
Qc2 Rxc3 46. Qxc3 Nb8 47. Bc6 Qc7 48. Bb5 Qxc3 49. bxc3 Nd8 50. Kg2 Kf7 51.
Kf2 Ke7 52. Ke3 Ndc6 53. Kd3 Kd8 54. Nd2 Kc7 55. Nb3 Kb7
{Game drawn by mutual agreement}
1/2-1/2

[Event "ICC tourney 2046 (75 10)"]
[Site "Internet Chess Club"]
[Date "2020.10.10"]
[Round "3"]
[White "JavierDix"]
[Black "Electryon"]
[Result "1/2-1/2"]
[ICCResult "Game drawn because neither player has mating material"]
[WhiteElo "1416"]
[BlackElo "1315"]
[Opening "Queen's bishop game"]
[ECO "D02"]
[NIC "QP.08"]
[Time "14:50:05"]
[TimeControl "4500+10"]

1. d4 d5 2. Nf3 Nf6 3. Bf4 c5 4. e3 Nc6 5. Nc3 a6 6. h3 cxd4 7. exd4 e6 8.
Ne5 Bd7 9. Bd3 Be7 10. O-O O-O 11. Ne2 Nb4 12. Ng3 Nxd3 13. Qxd3 Bb5 14. c4
dxc4 15. Nxc4 Rc8 16. b3 Bd6 17. Bxd6 Bxc4 18. bxc4 Qxd6 19. Rab1 Rfd8 20.
Rfd1 Rc7 21. c5 Rxc5 22. dxc5 Qxd3 23. Rxd3 Rxd3 24. Rxb7 g6 25. c6 Kg7 26.
c7 Rc3 27. Nh1 Nd5 28. Ng3 Rxc7 29. Rxc7 Nxc7 30. Ne4 f5 31. Nc5 e5 32. f3
Kf7 33. Kf2 Ke7 34. Ke2 Kd6 35. Nb7+ Kd5 36. Ke3 Ne6 37. g3 f4+ 38. gxf4
Nxf4 39. Nd8 Nxh3 40. Nf7 h5 41. Kd3 Nf4+ 42. Ke3 h4 43. Ng5 h3 44. Ne4 a5
45. Kf2 a4 46. Kg3 Kd4 47. a3 Kc4 48. Nd2+ Kd3 49. Ne4 Ke3 50. Nc5 Ne2+ 51.
Kxh3 Kxf3 52. Nxa4 e4 53. Nc5 Nc3 54. a4 e3 55. a5 e2 56. Nd3 g5 57. a6 Nb5
58. Ne1+ Kf4 59. Kg2 Ke3 60. Kg3 Kd2 61. Nf3+ Ke3 62. Kg4 Kf2 63. Ne5 e1=Q
64. Nd3+ Ke2 65. Nxe1 Kxe1 66. Kxg5 Kd2 67. Kf5 Kc3 68. Ke5 Kb4 69. Kd5 Ka5
70. Kc6 Kxa6 {Game drawn because neither player has mating material} 1/2-1/2

[Event "ICC tourney 2046 (75 10)"]
[Site "Internet Chess Club"]
[Date "2020.10.10"]
[Round "4"]
[White "strangerthingz"]
[Black "Dayman"]
[Result "1-0"]
[ICCResult "Black resigns"]
[WhiteElo "1435"]
[BlackElo "1544"]
[Opening "Giuoco Piano: four knights variation"]
[ECO "C55"]
[NIC "IG.01"]
[Time "18:33:39"]
[TimeControl "4500+10"]

1. e4 e5 2. Nf3 Nc6 3. Bc4 Nf6 4. Nc3 Bc5 5. O-O d6 6. d3 Bg4 7. h3 Bh5 8.
Be3 Nd4 9. Bxd4 Bxd4 10. Rb1 g5 11. Nd5 g4 12. hxg4 Bxg4 13. c3 Bb6 14. Nxb6
axb6 15. Qb3 O-O 16. Nh2 Qd7 17. f4 Bh5 18. Qc2 Ng4 19. f5 Ne3 20. Qd2 Nxf1
21. Qg5+ Bg6 22. fxg6 hxg6 23. Qxg6+ Kh8 24. Qh6+ Kg8 25. Rxf1 d5 26. Bxd5
c6 27. Rf3 cxd5 28. Rg3+ {Black resigns} 1-0

[Event "ICC tourney 2046 (75 10)"]
[Site "Internet Chess Club"]
[Date "2020.10.10"]
[Round "4"]
[White "Twinkletoesss"]
[Black "aakashjr"]
[Result "0-1"]
[ICCResult "White resigns"]
[WhiteElo "1370"]
[BlackElo "1508"]
[Opening "QGD: exchange, positional line"]
[ECO "D35"]
[NIC "QO.16"]
[Time "18:33:43"]
[TimeControl "4500+10"]

1. d4 d5 2. c4 e6 3. Nc3 Nf6 4. cxd5 exd5 5. Bg5 Be7 6. e3 Bf5 7. Qb3 Nbd7
8. Nxd5 Nxd5 9. Qxd5 Bb4+ 10. Kd1 Qxg5 11. Nf3 Bc2+ {White resigns} 0-1

[Event "ICC tourney 2046 (75 10)"]
[Site "Internet Chess Club"]
[Date "2020.10.10"]
[Round "4"]
[White "jojoraman"]
[Black "adinanda"]
[Result "0-1"]
[ICCResult "White resigns"]
[WhiteElo "1349"]
[BlackElo "1307"]
[Opening "Scotch: Schmidt variation"]
[ECO "C45"]
[NIC "SO.04"]
[Time "18:33:45"]
[TimeControl "4500+10"]

1. e4 e5 2. Nf3 Nc6 3. d4 exd4 4. Nxd4 Nf6 5. Nc3 Bb4 6. Nxc6 bxc6 7. Bd3 d5
8. exd5 cxd5 9. Bd2 O-O 10. O-O d4 11. Ne2 Bxd2 12. Qxd2 c5 13. c3 dxc3 14.
Qxc3 Be6 15. Rfd1 Qb6 16. b3 Rac8 17. Qe1 c4 18. Bxc4 Bxc4 19. bxc4 Rxc4 20.
Qd2 Rcc8 21. Qf4 Rfe8 22. Ng3 Qe6 23. h3 Rc4 24. Qd2 Ne4 25. Nxe4 Rxe4 26.
Qd7 Re1+ 27. Kh2 Qxd7 28. Rxe1 Rxe1 29. Rxe1 h6 30. g3 Qd2 31. Rf1 Qxa2 32.
Kg2 Qd5+ 33. Kh2 a5 34. Rb1 Qf3 35. Rf1 Qe2 36. Kg2 a4 37. Ra1 Qc2 38. Kg1
Qb3 39. Kg2 a3 40. Kg1 a2 41. Kg2 Qb2 42. Re1 a1=Q 43. Re8+ Kh7 44. Re3 Qaa2
45. Rf3 Qe2 46. g4 Qb1 47. Kg3 Qg1+ 48. Kf4 g5+ 49. Kf5 Qxf3+ 50. Ke5 Qe1+
51. Kd4 Qfe4+ 52. Kc5 Qc3+ 53. Kb6 Qec6+ {White resigns} 0-1

[Event "ICC tourney 2046 (75 10)"]
[Site "Internet Chess Club"]
[Date "2020.10.10"]
[Round "4"]
[White "Sirichess"]
[Black "tjsathyan"]
[Result "1/2-1/2"]
[ICCResult "Game drawn by mutual agreement"]
[WhiteElo "1465"]
[BlackElo "1340"]
[Opening "Sicilian: Nimzovich-Rossolimo attack (without ...d6)"]
[ECO "B30"]
[NIC "SI.31"]
[Time "18:33:44"]
[TimeControl "4500+10"]

1. e4 c5 2. Nf3 Nc6 3. Bb5 e6 4. Bxc6 bxc6 5. O-O Be7 6. Re1 Nf6 7. b3 O-O
8. Bb2 d6 9. d3 e5 10. Nc3 Bd7 11. Ne2 Bg4 12. Ng3 Bd7 13. Qd2 h6 14. c4 Qc8
15. Qe2 Rb8 16. Bc3 Re8 17. Rab1 Rb7 18. Qd2 Bg4 19. Qd1 Nh5 20. h3 Nxg3 21.
fxg3 Bxf3 22. Qxf3 Bf6 23. g4 Rd8 24. Rf1 Qd7 25. Qf5 Qxf5 26. gxf5 d5 27.
Rbd1 Rdd7 28. Rfe1 d4 29. Bd2 Bh4 30. Re2 Bf6 31. Be1 Rb8 32. Rb2 Rdb7 33.
Rdb1 Bg5 34. b4 Be3+ 35. Kf1 cxb4 36. Rxb4 Rxb4 37. Rxb4 Rxb4 38. Bxb4 a6
39. Ke2 f6 40. Bd2 Bg5 41. Bxg5 hxg5 42. g4 c5 43. Kd2 Kf7 44. Kc2 Ke7 45.
Kb3 Kd7 46. Ka4 Kc6 47. Kb3 Kb6 48. Ka4 Kc6 49. Kb3 Kb6
{Game drawn by mutual agreement}
1/2-1/2